 Dungeon Crawl Stone Soup version 0.28.0-45-g0d030f2227 (webtiles) character file.

Game seed: 15391049030193404140

3981 sking99 the Cleaver (level 10, -3/130 (135) HPs)
             Began as a Minotaur Berserker on May 21, 2022.
             Was a Priest of Trog.
             Slain by a wight
             ... wielding a +2 long sword
              (7 damage)
             ... on level 8 of the Dungeon.
             The game lasted 00:14:21 (6663 turns).

sking99 the Cleaver (Minotaur Berserker)            Turns: 6663, Time: 00:14:22

HP:   -3/130 (135)  AC: 25    Str: 26    XL:     10   Next: 2%
MP:   9/9           EV:  2    Int:  4    God:    Trog [***...]
Gold: 492           SH:  6    Dex: 10    Spells: 9/9 levels left

rFire   . . .      SeeInvis .   a - +0 war axe
rCold   . . .      Faith    .   j - +1 buckler
rNeg    . . .      Spirit   .   (armour currently unavailable)
rPois   +          Reflect  .   (helmet currently unavailable)
rElec   .          Harm     .   (cloak currently unavailable)
rCorr   .          Rampage  .   (gloves currently unavailable)
Will    ++...      NoTele   +   (boots currently unavailable)
Stlth   +.........              (no amulet)
HPRegen 1.31/turn               q - ring of poison resistance
MPRegen 0.11/turn               (no ring)

@: tree-form, marked, strong-willed, attractive, mesmerised, regenerating,
lightly drained
A: stationary, stasis, torment immunity, boosted hp, (horns 2), (retaliatory
headbutt)
a: Renounce Religion, Berserk, Trog's Hand


You were on level 8 of the Dungeon.
You worshipped Trog.
Trog was most pleased with you.
You were a tree.
You visited 2 branches of the dungeon, and saw 9 of its levels.

You collected 492 gold pieces.

Inventory:

Hand Weapons
 a - a +0 war axe (weapon)
Armour
 f - a +0 plate armour (melded)
 g - a +2 hat (melded)
 j - a +1 buckler (worn)
 l - a +2 cloak of preservation (melded)
Jewellery
 q - a ring of poison resistance (left branch)
 A - a ring of fire
Scrolls
 b - 2 scrolls of enchant weapon
 e - a scroll of teleportation
 m - a scroll of torment
 t - 2 scrolls of blinking
Potions
 c - a potion of berserk rage {unknown}
 d - a potion of invisibility {unknown}
 i - 2 potions of curing {unknown}
 k - a potion of degeneration {unknown}
 n - a potion of cancellation {unknown}
 p - a potion of attraction
 r - 3 potions of heal wounds
 v - a potion of resistance {unknown}
 w - a potion of mutation {unknown}
 z - a potion of lignification


   Skills:
 + Level 8.5 Fighting
 * Level 11.5 Axes
 + Level 8.1 Armour
 + Level 4.2 Dodging
 - Level 6.4 Shields


You had 9 spell levels left.
You didn't know any spells.
Your spell library was empty.

Dungeon Overview and Level Annotations

Branches:
Dungeon (8/15)             Temple (1/1) D:6
   Lair: D:8-11

Altars:
Qazlal

Shops:
D:4 :

Annotations:
D:8 3 runed translucent doors, Maggie; shugdite's ghost, novice MiFi


Innate Abilities, Weirdness & Mutations

You are a tree.
Your roots penetrate the ground, keeping you stationary.
You cannot be teleported.
You are immune to unholy pain and torment.
Your maximum health is greatly increased.
Your equipment is partially melded.
((You have a pair of horns on your head.))
((You reflexively headbutt those who attack you in melee.))


Message History

You cannot move.
You cannot move.
Really quaff the potion of attraction?
You feel attractive to monsters. Maggie casts a spell at you.
The bolt of fire hits you!!
* * * LOW HITPOINT WARNING * * *
A wight comes into view. It is wielding a +2 long sword.
Maggie is attracted toward you. The wight is attracted toward you. x2
You closely miss Maggie. You hit the wight but do no damage.
The wight hits you but does no damage. Maggie completely misses you.
The wight is attracted toward you.
You hit Maggie but do no damage. You hit the wight but do no damage.
The wight hits you but does no damage.
A wight comes into view. It is wielding a +0 scythe.
Maggie hits you but does no damage. Space warps around you.
* * * LOW HITPOINT WARNING * * *
The wight is attracted toward you.
You closely miss Maggie. You closely miss the wight.
You completely miss the wight. Maggie hits you but does no damage.
Space warps horribly around you!
* * * LOW HITPOINT WARNING * * *
The wight hits you but does no damage.
A wight comes into view. It is wielding a +0 long sword.
The wight is attracted toward you. x2
You feel much better. The wight hits you but does no damage.
Maggie hits you but does no damage. Space warps around you.
* * * LOW HITPOINT WARNING * * *
The wight hits you but does no damage. The wight is attracted toward you.
Your skin crawls.
You feel strong-willed. The wight hits you with a +0 scythe!
* * * LOW HITPOINT WARNING * * *
You feel drained.
* * * LOW HITPOINT WARNING * * *
The wight hits you but does no damage.
A wight comes into view. It is wielding a +0 halberd.
Maggie barely misses you.
The wight hits you with a +2 long sword!
You die...

+##.......# .........#
.........# ........#
.. #.......#
##.....+... #..)....#
.......+... #.@.....#
#.#....+(. #z♣# .
#....#J ##zz#####
#....## ##.z§....#
#.....#####..§.....#
###........##........#
...........##........#
...........##........#
...........##z§......#
............#...)....#


You could see Maggie (mesmerising) and 5 wights.

Vanquished Creatures
  Harold (D:8)
  A two-headed ogre (D:8)
  3 yaks (D:6)
  A water moccasin (D:8)
  2 orc warriors
  2 black bears
  2 ogres
  A phantom (D:5)
  3 bullfrogs
  A water moccasin zombie (D:6)
  3 wights (D:7)
  3 howler monkeys (D:7)
  2 centaur zombies
  4 jellies
  A bullfrog skeleton (D:4)
  2 gnoll shamans (D:6)
  3 hounds
  3 orc priests
  Crazy Yiuf (D:2)
  A centaur skeleton (D:7)
  3 iguanas
  6 orc wizards
  2 killer bee zombies (D:8)
  A hound skeleton (D:4)
  12 gnolls (D:6)
  A howler monkey skeleton (D:6)
  12 adders
  An ufetubus (D:7)
  An adder skeleton (D:4)
  A worm (D:3)
  A dart slug (D:1)
  16 orcs
  4 ball pythons
  4 bats
  5 endoplasms
  3 giant cockroaches
  2 goblins
  3 hobgoblins
  8 jackals
  4 quokkas
  3 frilled lizards
  10 kobolds
  5 rats
148 creatures vanquished.

Vanquished Creatures (others)
  An orc wizard (D:7)
  8 plants
9 creatures vanquished.

Grand Total: 157 creatures vanquished

Notes
Turn   | Place    | Note
-------+----------+-------------------------------------------
     0 | D:1      | sking99 the Minotaur Berserker began the quest for the Orb.
     0 | D:1      | Reached XP level 1. HP: 19/19 MP: 0/0
   329 | D:1      | Reached XP level 2. HP: 27/27 MP: 1/1
   374 | D:1      | Reached skill level 4 in Axes
   588 | D:1      | Found a faded altar of an unknown god.
   986 | D:2      | Reached XP level 3. HP: 22/33 MP: 2/2
  1386 | D:2      | Found a runed translucent door.
  1387 | D:2      | Noticed Crazy Yiuf
  1543 | D:2      | Killed Crazy Yiuf
  1653 | D:3      | Reached skill level 1 in Shields
  1690 | D:3      | Reached XP level 4. HP: 40/40 MP: 3/3
  1947 | D:3      | Reached ** piety under Trog
  1995 | D:3      | Noticed a black bear
  2020 | D:3      | Killed a black bear
  2021 | D:3      | Reached skill level 5 in Axes
  2021 | D:3      | Reached XP level 5. HP: 47/47 MP: 4/4
  2708 | D:4      | Reached XP level 6. HP: 53/55 MP: 5/5
  2832 | D:4      | Reached skill level 5 in Fighting
  2832 | D:4      | Reached skill level 6 in Axes
  3063 | D:4      | Found Oczaut's Book Shoppe.
  3066 | D:4      | You fall into a shaft and drop 1 floor!
  3066 | D:5      | Entered Level 5 of the Dungeon
  3255 | D:5      | Reached XP level 7. HP: 51/61 MP: 6/6
  3343 | D:5      | Reached skill level 7 in Axes
  3650 | D:5      | Reached *** piety under Trog
  3655 | D:5      | Reached skill level 5 in Armour
  4527 | D:6      | Noticed a yak
  4551 | D:6      | Killed a yak
  4552 | D:6      | Reached skill level 8 in Axes
  4552 | D:6      | Reached XP level 8. HP: 70/70 MP: 7/7
  4660 | D:6      | Reached skill level 5 in Shields
  4877 | D:6      | Reached skill level 9 in Axes
  5084 | D:6      | Found a staircase to the Ecumenical Temple.
  5090 | Temple   | Entered the Ecumenical Temple
  5368 | D:6      | Found a stormy altar of Qazlal.
  5884 | D:7      | Reached XP level 9. HP: 74/79 MP: 8/8
  5927 | D:7      | Reached skill level 10 in Axes
  6474 | D:8      | Noticed Maggie
  6492 | D:8      | Found a runed translucent gate.
  6497 | D:8      | Found a runed translucent gate.
  6497 | D:8      | Found a runed translucent gate.
  6498 | D:8      | Noticed shugdite's ghost (novice MiFi)
  6601 | D:8      | Noticed a two-headed ogre
  6608 | D:8      | Killed a two-headed ogre
  6609 | D:8      | Reached skill level 11 in Axes
  6634 | D:8      | Noticed Harold
  6657 | D:8      | Killed Harold
  6658 | D:8      | Reached XP level 10. HP: 40/90 MP: 9/9
  6663 | D:8      | HP: 4/130 [wight/+0 scythe (4)]
  6663 | D:8      | Slain by a wight

Illustrated notes

Levels and vault maps discovered:
D:1:      dpeg_arrival_tiny_c, layout_basic, ebering_ecumenical_altar_abandoned,
          minmay_tetromino_l2
D:2:      layout_rooms, nicolae_concentric_dashed_squares_mild,
          minmay_tiny_reverse_x, uniq_crazy_yiuf_cottage
D:3:      layout_basic, wander_ebering_terrifying_dragon_lair
D:4:      layout_basic, serial_shops, nicolae_square_shop
D:5:      layout_gridville, guppyfry_early_lair_pool
D:6:      layout_gridville, mainiacjoe_overflow_cross_hatched,
          minmay_temple_entry_gardened_gates, hangedman_decor_riveting
D:7:      layout_gridville, minmay_misc_feat_doors
D:8:      cheibrodos_two_vegetables, layout_basic, enter_ossuary_1,
          gammafunk_ghost_ooze, uniq_maggie, uniq_harold, uniq_psyche
Temple:   mainiacjoe_temple_hex_bubbles

Skill      XL: |  1  2  3  4  5  6  7  8  9 |
---------------+----------------------------+-----
Axes           | 4 5 6 8 9 11 | 11.5
Fighting       | 4 5 6 7 8 |  8.5
Armour         | 3 4 5 6 8 |  8.1
Shields        | 1 2 3 4 6 |  6.4
Dodging        | 4 |  4.2

Action                   |  1- 3 |  4- 6 |  7- 9 | 10-12 || total
-------------------------+-------+-------+-------+-------++-------
Melee: Hand axe          |    69 |   138 |   221 |       ||   428
       Headbutt          |    10 |    17 |    53 |       ||    80
       War axe           |       |       |    43 |     3 ||    46
       Battleaxe         |       |       |     6 |       ||     6
Invok: Berserk           |     1 |     3 |     4 |       ||     8
       Trog's Hand       |       |     1 |     5 |     1 ||     7
  Use: Scroll            |       |       |    17 |       ||    17
       Potion            |       |       |     1 |     2 ||     3
Armor: Animal skin       |    15 |       |       |       ||    15
       Ring mail         |     9 |    19 |       |       ||    28
       Leather armour    |     3 |       |       |       ||     3
       Scale mail        |       |    49 |   142 |       ||   191
       Plate armour      |       |       |    17 |       ||    17
       Skin              |       |       |    12 |     9 ||    21
Dodge: Dodged            |    58 |    62 |   136 |     2 ||   258
Block: Buckler           |     1 |    15 |    65 |       ||    81
